 Dungeon Crawl Stone Soup version 0.31-a0-174-g85c54bcb58 (webtiles) character file.

Game seed: 1781841275756319542

63 qw the Chopper (level 4, 0/28 HPs)
             Began as a Gargoyle Fighter on June 15, 2023.
             Slain by Grinder (8 damage)
             ... while paralysed by Grinder
             ... on level 3 of the Dungeon.
             The game lasted 00:00:47 (1674 turns).

qw the Chopper (Gargoyle Fighter)                   Turns: 1674, Time: 00:00:47

Health: 0/28       AC: 10    Str: 22    XL:     4   Next: 10%
Magic:  4/4        EV:  2    Int:  8    God:
Gold:   87         SH:  0    Dex:  9    Spells: 3/3 levels left

rFire   . . .        Y - +0 war axe (chaos)
rCold   . . .        c - +0 buckler
rNeg    + . .        b - +0 scale mail
rPois   inf          (no helmet)
rElec   +            (no cloak)
rCorr   .            (no gloves)
SInv    .            (no boots)
Will    .....        (no amulet) Stlth
                     h - +5 ring of evasion
HPRegen 0.24/turn    (no ring)
MPRegen 0.09/turn

%: no passive effects
@: paralysed
A: sickness immunity, AC +3, negative energy resistance 1, electricity
resistance, torment resistance 1, petrification resistance
a: no special abilities


You were on level 3 of the Dungeon.
You visited 1 branch of the dungeon, and saw 3 of its levels.

You collected 126 gold pieces.
You spent 39 gold pieces at shops.


Innate Abilities, Weirdness & Mutations

You are immune to sickness and miasma.
Your stone body is resilient. (AC +3)
You are immune to poison.
You resist negative energy. (rN+)
You are resistant to electric shocks. (rElec)
You are resistant to unholy torment.
You are immune to petrification.


   Skills:
 - Level 3.2 Fighting
 + Level 3.9 Axes
 - Level 3.2 Armour
 - Level 3.2 Shields


You had 3 spell levels left.
You didn't know any spells.
Your spell library was empty.

Inventory:

Hand Weapons
 g - a +0 club
 Y - a +0 war axe of chaos (weapon)
Armour
 b - a +0 scale mail (worn)
 c - a +0 buckler (worn)
Jewellery
 h - a +5 ring of evasion (left hand)
Scrolls
 a - a scroll of identify
Potions
 d - a potion of might
 e - a potion of haste
 f - a potion of degeneration {unknown}
 j - a potion of enlightenment {unknown}
 l - a potion of attraction

Dungeon Overview and Level Annotations

Branches:
Dungeon (3/15)

Altars:
Uskayaw

Shops:
D:1 (   D:2 !

Annotations:
D:3 Grinder


Message History

You suddenly lose the ability to move!
Grinder hits you.
You writhe in agony.
Grinder says, "Don't move a muscle."
Grinder hits you but does no damage. Grinder hits you but does no damage.
Grinder completely misses you. Grinder hits you.
You writhe in agony.
You can move again.
1664 ||| DRINKING potion of heal wounds.
You feel much better. Grinder hits you but does no damage.
You closely miss Grinder.
Grinder is lightly wounded.
You block Grinder's attack.
You slash Grinder!
Grinder's magic leaks into the air.
Grinder is moderately wounded.
Grinder gestures at you. Pain shoots through your body!
You closely miss Grinder.
Grinder is moderately wounded.
Grinder's magic is no longer disrupted.
Grinder barely misses you. Grinder gestures at you.
You barely resist. You closely miss Grinder.
Grinder is moderately wounded.
You block Grinder's attack.
You hit Grinder.
Grinder's magic leaks into the air.
Grinder is heavily wounded.
Grinder hits you.
You writhe in agony.
You hit Grinder.
Grinder seems to speed up.
Grinder is heavily wounded.
Grinder's magic is no longer disrupted.
Grinder blinks!
Grinder hits you but does no damage. Grinder hits you!
You writhe in agony.
You completely miss Grinder.
Grinder is heavily wounded.
Grinder gestures at you.
You suddenly lose the ability to move!
Grinder hits you but does no damage. Grinder gestures at you.
Pain shoots through your body! Grinder hits you!
You die...

....#.# .....> ....#.#
#######...... ###.#.#
###............ #.#.#
#...8.8.8...... #.#.#
#.#............
#.#.#####.#............
#.#......%.......#.[...
#.#########..5.)_# ....
#.# .......@..#.####
#.# ####........#
............#
####.8.8.8.##
#........# #..#.#....#
[.....#....#
#######....# .....+


You could see Grinder (fast).

Vanquished Creatures
  2 adders
  A worm (D:2)
  6 bats
  An endoplasm (D:2)
  2 giant cockroaches (D:1)
  4 goblins
  4 hobgoblins
  3 jackals (D:1)
  5 kobolds
  3 quokkas (D:1)
  2 ball pythons
  2 frilled lizards (D:1)
  4 rats
39 creatures vanquished.

Notes
Turn   | Place    | Note
-------+----------+-------------------------------------------
     0 | D:1      | qw the Gargoyle Fighter began the quest for the Orb.
     0 | D:1      | Reached XP level 1. HP: 14/14 MP: 1/1
     0 | D:1      | 0 ||| qw: Version: 0.2-a-29-g511e9b1
     0 | D:1      | 0 ||| qw: Game counter: 5500
     0 | D:1      | 0 ||| qw: Always use a shield: true
     0 | D:1      | 0 ||| qw: God list: Okawaru
     0 | D:1      | 0 ||| qw: Allow faded altars: false
     0 | D:1      | 0 ||| qw: Do Orc after D:15 true
     0 | D:1      | 0 ||| qw: Do second Lair branch before Depths: true
     0 | D:1      | 0 ||| qw: Lair rune preference: random
     0 | D:1      | 0 ||| qw: Plans: Normal, Zot:1-4, Slime:5, God:TSO, Crypt,
                  | Tomb, Abyss, Pan, Hells, Win
     0 | D:1      | 0 ||| PLANNING D:1-11
   161 | D:1      | Reached XP level 2. HP: 19/19 MP: 2/2
   281 | D:1      | 281 ||| Stepping ~*~*~tactically~*~*~ (stealth).
   282 | D:1      | 282 ||| Stepping ~*~*~tactically~*~*~ (stealth).
   360 | D:1      | Reached skill level 3 in Axes
   475 | D:1      | Found Zuucw's Antique Weapon Boutique.
   478 | D:1      | 478 ||| SHOPLISTING glowing war axe (136 gold, have 46).
   478 | D:1      | 478 ||| SHOPLISTING mace (63 gold, have 46).
   478 | D:1      | 478 ||| SHOPLISTING runed mace (126 gold, have 46).
   532 | D:1      | Reached XP level 3. HP: 23/23 MP: 3/3
   679 | D:1      | 679 ||| READING scroll labelled LAKAEC IDOB.
   680 | D:1      | 680 ||| READING scroll labelled CEZ XIPA ZUERO.
   681 | D:1      | 681 ||| READING scroll labelled ROL BULALISESH.
   682 | D:1      | 682 ||| DRINKING 2 bubbling orange potions.
   760 | D:2      | 760 ||| Stepping ~*~*~tactically~*~*~ (stealth).
   768 | D:2      | 768 ||| Stepping ~*~*~tactically~*~*~ (stealth).
   769 | D:2      | 769 ||| Stepping ~*~*~tactically~*~*~ (stealth).
   770 | D:2      | 770 ||| Stepping ~*~*~tactically~*~*~ (stealth).
   879 | D:2      | Found Havumeon's Distillery.
   887 | D:2      | 887 ||| BUYING potion of attraction (39 gold).
   887 | D:2      | Bought a potion of attraction for 39 gold pieces
   887 | D:2      | 887 ||| SHOPLISTING potion of attraction (39 gold, have
                  | 34).
   887 | D:2      | 887 ||| SHOPLISTING potion of cancellation (104 gold, have
                  | 34).
   887 | D:2      | 887 ||| SHOPLISTING potion of curing (39 gold, have 34).
   887 | D:2      | 887 ||| SHOPLISTING potion of haste (130 gold, have 34).
   887 | D:2      | 887 ||| SHOPLISTING potion of mutation (104 gold, have 34).
  1582 | D:2      | 1582 ||| DROPPING ring of flight.
  1583 | D:2      | 1583 ||| UPGRADING to +5 ring of evasion.
  1584 | D:2      | 1584 ||| READING scroll labelled DYQUMY GESA.
  1588 | D:2      | 1588 ||| READING scroll labelled BUHEODGH LIXOPO.
  1589 | D:2      | 1589 ||| DRINKING 2 viscous orange potions.
  1634 | D:3      | Reached XP level 4. HP: 28/28 MP: 4/4
  1634 | D:3      | Found a hide-covered altar of Uskayaw.
  1644 | D:3      | Noticed Grinder
  1651 | D:3      | Paralysed by Grinder for 4 turns
  1659 | D:3      | Paralysed by Grinder for 5 turns
  1663 | D:3      | HP: 6/28 [Grinder (2)]
  1664 | D:3      | 1664 ||| DRINKING potion of heal wounds.
  1672 | D:3      | Paralysed by Grinder for 3 turns
  1674 | D:3      | Slain by Grinder

Levels and vault maps discovered:
D:1:      beargit_arrival_diablo_church, layout_loops_ring, serial_shops,
          nicolae_shop_real_fake_doors
D:2:      layout_basic, serial_shops, nicolae_shop_stone, minmay_tetromino_s4
D:3:      minmay_angry_zag, layout_basic, eat_drink_and_be_merry_uskayaw,
          pdpol_wu_jian_five_deadly_venoms, uniq_grinder

Skill      XL: |  1  2 |
---------------+-------+-----
Axes           | 2 3 |  3.9
Fighting       | |  3.2
Armour         | |  3.2
Shields        | |  3.2

Action                     |  1- 3 |  4- 6 || total
---------------------------+-------+-------++-------
  Melee: War axe           |    98 |    13 ||   111
    Use: Scroll            |     5 |       ||     5
         Potion            |     2 |     1 ||     3
 Armour: Scale mail        |    47 |    13 ||    60
  Dodge: Dodged            |    46 |     5 ||    51
  Block: Buckler           |    13 |     2 ||    15

Table legend:
 A = Non-vault XP
 B = Vault XP
 C = Vault XP percentage of total XP
 D = Non-vault monster count
 E = Vault monster count
 F = Vault count percentage of total count
                 A         B        C        D         E       F
            +---------+---------+-------+---------+---------+-------
      Total |      88 |       3 |   3.3 |      37 |       2 |   5.1
            +---------+---------+-------+---------+---------+-------
        D:1 |      38 |       0 |   0.0 |      22 |       0 |   0.0
        D:2 |      36 |       3 |   7.7 |      13 |       2 |  13.3
        D:3 |      14 |       0 |   0.0 |       2 |       0 |   0.0
            +---------+---------+-------+---------+---------+-------
